 Dungeon Crawl Stone Soup version 0.25-a0-24-g72dcfe0359 (webtiles) character file.

Game seed: 15151388972572633980, levelgen mode: deterministic

289 Kohma the Covert (level 6, -6/28 HPs)
             Began as a Spriggan Enchanter on Oct 17, 2019.
             Was an Initiate of Gozag.
             Killed from afar by an orc wizard (8 damage)
             ... with a puff of frost
             ... on level 3 of the Dungeon.
             The game lasted 00:10:52 (4681 turns).

Kohma the Covert (Spriggan Enchanter)               Turns: 4681, Time: 00:10:53

Health: -6/28      AC:  9    Str:  4    XL:     6   Next: 9%
Magic:  2/11       EV: 18    Int: 18    God:    Gozag
Gold:   209        SH:  0    Dex: 17    Spells: 4/10 levels left

rFire    . . .     SeeInvis +   e - +2 short sword (protect)
rCold    . . .     Gourm    .   (shield restricted)
rNeg     . . .     Faith    .   b - +0 robe
rPois    .         Spirit   .   (helmet restricted)
rElec    .         Reflect  .   (no cloak)
rCorr    .         Harm     .   (gloves unavailable)
MR       +....                  (boots unavailable)
Stlth    ++++......             (no amulet)
HPRegen  0.09/turn              (no ring)
MPRegen  0.12/turn              (no ring)

@: lethally poisoned (-6 -> -25), gold aura, protection aura, very slightly
contaminated, very quick
A: very small, unfitting armour, see invisible, herbivore, speed 3, slow
metabolism 2
a: Potion Petition, Call Merchant, Bribe Branch, Renounce Religion


You were on level 3 of the Dungeon.
You worshipped Gozag.
Gozag was aware of your devotion.
You were not hungry.

You visited 1 branch of the dungeon, and saw 4 of its levels.

You collected 250 gold pieces.
You paid 41 gold pieces to Gozag.

Inventory:

Hand Weapons
 a - a +1 dagger
 e - a +2 short sword of protection (weapon)
 r - a +0 vampiric dagger
Missiles
 f - 62 stones (quivered)
Armour
 b - a +0 robe (worn)
Scrolls
 c - 2 scrolls of random uselessness {unknown}
 h - 3 scrolls of teleportation {unknown}
 i - 4 scrolls of identify {unknown}
 j - a scroll of magic mapping {unknown}
 n - 2 scrolls of blinking {unknown}
 o - a scroll of fear {unknown}
 p - a scroll of enchant armour {unknown}
 q - 4 scrolls of amnesia {unknown}
Potions
 g - 2 potions of heal wounds {unknown}
 k - a potion of agility {unknown}
 l - a potion of might {unknown}
 m - 2 potions of degeneration {unknown}
 s - a potion of haste {unknown}
 t - a potion of resistance {unknown}
 u - a potion of berserk rage {unknown}
 v - 2 potions of flight {unknown}
Comestibles
 d - 5 rations


   Skills:
 + Level 4.9 Short Blades
 - Level 3.0 Dodging
 - Level 8.0 Stealth
 - Level 2.6 Spellcasting
 - Level 3.6 Hexes


You had 4 spell levels left.
You knew the following spells:

 Your Spells              Type           Power        Failure   Level  Hunger
a - Corona                Hex            ###....      3%          1    #......
b - Ensorcelled Hibernat  Hex/Ice        #.....       12%         2    ##.....
c - Confuse               Hex            ###.....     12%         3    ###....

Your spell library contained the following spells:

 Spells                   Type           Power        Failure   Level  Hunger
 Tukima's Dance           Hex            ###.....     12%         3    ###....
 Dazzling Spray           Conj/Hex       #.....       24%         3    ###....


Dungeon Overview and Level Annotations

Branches:
Dungeon (4/15)
 Temple: D:4-7

Altars:
Cheibriados
Gozag
Hepliaklqana
Nemelex Xobeh
Trog
Uskayaw
Xom
Zin

Shops:
D:3 *


Innate Abilities, Weirdness & Mutations

You are very small and have problems with some larger weapons.
You are too small for most types of armour.
You have supernaturally acute eyesight. (SInv)
You are a herbivore.
You cover ground extremely quickly.
You need to consume almost no food.


Message History

Confirm with . or Enter, or press ? or * to list all spells.
Aiming: Ensorcelled Hibernation (safe; 12% risk of failure)
Press: ? - help, Shift-Dir - straight line, f - orc wizard
Aim: an orc wizard, wielding a +0 dagger and wearing a +0 robe (fast, chance to defeat MR: 39%)
The orc wizard resists with some effort.
* * * LOW HITPOINT WARNING * * *
You feel sick.
The orc wizard hits you but does no damage.
Casting: Ensorcelled Hibernation (safe; 12% risk of failure)
Confirm with . or Enter, or press ? or * to list all spells.
Aiming: Ensorcelled Hibernation (safe; 12% risk of failure)
Press: ? - help, Shift-Dir - straight line, f/p - orc wizard
Aim: an orc wizard, wielding a +0 dagger and wearing a +0 robe (fast, chance to defeat MR: 39%)
The orc wizard resists with some effort.
* * * LOW HITPOINT WARNING * * *
You feel sick. The orc wizard casts a spell at you. The puff of frost hits you!
You die...
Your body crumbles into a pile of gold.

####### #..###.##########.#
......#####.................#
......#.......##.############
...(..#.#####..#.# ......#.#
#..#.# ......#.# ##.#.#
#'''###.# #...# ........#
##$o# ##.....## #.@# #######
####


You could see an orc wizard.

Vanquished Creatures
  The ghost of terminal the Sneak, an amateur OpAs (D:3)
  A worker ant (D:3)
  Natasha (thrice) (D:3)
  An adder (D:2)
  3 dart slugs
  A leopard gecko (D:2)
  6 orcs
  2 giant cockroaches (D:1)
  6 goblins
  4 hobgoblins
  2 ball pythons (D:2)
  7 bats
  3 frilled lizards
  4 kobolds
  11 rats
55 creatures vanquished.

Notes
Turn   | Place    | Note
-------+----------+-------------------------------------------
     0 | D:1      | Kohma the Spriggan Enchanter began the quest for the Orb.
     0 | D:1      | Reached XP level 1. HP: 9/9 MP: 5/5
   308 | D:1      | Reached XP level 2. HP: 10/13 MP: 6/6
   314 | D:1      | Learned a level 2 spell: Ensorcelled Hibernation
   321 | D:1      | Reached skill level 5 in Stealth
   867 | D:2      | Reached XP level 3. HP: 16/16 MP: 2/8
   875 | D:2      | Learned a level 3 spell: Confuse
  1752 | D:2      | Reached skill level 6 in Stealth
  1841 | D:3      | Found a faded altar of an unknown god.
  1845 | D:3      | Found a hazy altar of Hepliaklqana.
  1861 | D:3      | Found Gozag's Platinum Reserve.
  1861 | D:3      | Found an opulent altar of Gozag.
  1871 | D:3      | Found a snail-covered altar of Cheibriados.
  1878 | D:3      | Became a worshipper of Gozag Ym Sagoz the Greedy
  2021 | D:3      | Found a bloodstained altar of Trog.
  2022 | D:3      | Found a shimmering altar of Xom.
  2026 | D:3      | Found a glowing silver altar of Zin.
  2030 | D:3      | Found a sparkling altar of Nemelex Xobeh.
  2031 | D:3      | Found a hide-covered altar of Uskayaw.
  2497 | D:3      | Reached XP level 4. HP: 21/21 MP: 9/9
  2541 | D:3      | Found a runed translucent gate.
  2541 | D:3      | Found a runed translucent gate.
  2541 | D:3      | Found a runed translucent gate.
  2541 | D:3      | Noticed terminal's ghost (amateur OpAs)
  2575 | D:3      | Killed terminal's ghost
  2575 | D:3      | Reached skill level 7 in Stealth
  2575 | D:3      | Reached XP level 5. HP: 8/24 MP: 10/10
  2871 | D:3      | Noticed Natasha
  2928 | D:3      | Found Gozag's Platinum Reserve.
  2982 | D:3      | Found a faded altar of an unknown god.
  3018 | D:3      | Found a shimmering altar of Xom.
  3020 | D:3      | Found a bloodstained altar of Trog.
  3050 | D:3      | Found a hazy altar of Hepliaklqana.
  3113 | D:3      | Found an opulent altar of Gozag.
  3135 | D:3      | Killed Natasha
  3146 | D:3      | Found a snail-covered altar of Cheibriados.
  3275 | D:3      | Found a hide-covered altar of Uskayaw.
  3276 | D:3      | Found a glowing silver altar of Zin.
  3276 | D:3      | Found a sparkling altar of Nemelex Xobeh.
  3379 | D:3      | Noticed Natasha
  3385 | D:3      | Killed Natasha
  3603 | D:3      | Found a shimmering altar of Xom.
  3603 | D:3      | Found a glowing silver altar of Zin.
  3604 | D:3      | Found a bloodstained altar of Trog.
  3641 | D:3      | Noticed Natasha
  3643 | D:3      | Found a faded altar of an unknown god.
  3651 | D:3      | Killed Natasha
  3651 | D:3      | Reached skill level 8 in Stealth
  3681 | D:3      | Found a shimmering altar of Xom.
  3683 | D:3      | Found a bloodstained altar of Trog.
  3718 | D:3      | Found a hazy altar of Hepliaklqana.
  3760 | D:3      | Found Gozag's Platinum Reserve.
  3762 | D:3      | Found an opulent altar of Gozag.
  3795 | D:3      | Found a snail-covered altar of Cheibriados.
  4051 | D:3      | Found a glowing silver altar of Zin.
  4184 | D:3      | Found a sparkling altar of Nemelex Xobeh.
  4184 | D:3      | Found a hide-covered altar of Uskayaw.
  4679 | D:3      | Reached XP level 6. HP: 6/28 MP: 6/11
  4681 | D:3      | Killed from afar by an orc wizard

Levels and vault maps discovered:
D:1:      dpeg_arrival_more_subterranean_lakeside_camping, layout_rooms,
          kennysheep_small_spiral
D:2:      layout_loops_ring, minmay_misc_feat_alley
D:3:      layout_basic, nicolae_overflow_crystal_walls,
          nicolae_gozag_zags_fifth_avenue, grunt_temple_overflow_open,
          chequers_ecumenical_altar_island, ebering_ghost_rock_garden,
          lemuel_tele_altar, uniq_natasha
D:4:      layout_basic, first_ration, corexii_corridor_pit, guppyfry_shop_venom

Skill      XL: |  1  2  3  4  5 |
---------------+----------------+-----
Stealth        | 5 6 7 8 |  8.0
Short Blades   | 2 3 4 |  4.9
Dodging        | |  3.0
Spellcasting   | |  2.6
Hexes          | |  3.6

Action                   |  1- 3 |  4- 6 || total
-------------------------+-------+-------++-------
Melee: Short sword       |   105 |    51 ||   156
       Dagger            |     5 |       ||     5
 Cast: Ensorcelled Hiber |    10 |     8 ||    18
 Stab: Sleeping          |    19 |     5 ||    24
  Eat: Ration            |       |     1 ||     1
Armor: Robe              |    19 |     9 ||    28
Dodge: Dodged            |   109 |    37 ||   146

Table legend:
 A = Non-vault XP
 B = Vault XP
 C = Vault XP percentage of total XP
 D = Non-vault monster count
 E = Vault monster count
 F = Vault count percentage of total count
                 A         B        C        D         E       F
            +---------+---------+-------+---------+---------+-------
      Total |     210 |     204 |  49.3 |      53 |       2 |   3.6
            +---------+---------+-------+---------+---------+-------
        D:1 |      30 |       0 |   0.0 |      19 |       0 |   0.0
        D:2 |      41 |       0 |   0.0 |      16 |       0 |   0.0
        D:3 |     136 |     204 |  60.0 |      17 |       2 |  10.5
        D:4 |       3 |       0 |   0.0 |       1 |       0 |   0.0
            +---------+---------+-------+---------+---------+-------
